 Dungeon Crawl Stone Soup version 0.22.1-2-g9c5b331383 (webtiles) character file.

2522 Jynx the Jinx (level 9, 0/39 HPs)
             Began as a Spriggan Enchanter on Dec 6, 2018.
             Was a Follower of Ashenzari.
             Slain by an orc
             ... wielding a +0 trident
              (8 damage)
             ... on level 7 of the Dungeon.
             The game lasted 00:17:41 (9348 turns).

Jynx the Jinx (Spriggan Enchanter)                  Turns: 9348, Time: 00:17:41

Health: 0/39       AC:  4    Str:  4    XL:     9   Next: 29%
Magic:  11/20      EV: 18    Int: 19    God:    Ashenzari [*.....]
Gold:   307        SH:  0    Dex: 19    Spells: 13/22 levels left

rFire    . . .     SeeInvis +   k - +0 dagger (vamp)
rCold    + . .     Gourm    .   (shield restricted)
rNeg     . . .     Faith    .   B - +2 robe {rC+}
rPois    .         Spirit   .   (helmet restricted)
rElec    .         Reflect  .   (no cloak)
rCorr    .         Harm     .   (gloves unavailable)
MR       +....                  (boots unavailable)
Stlth    +++.......             (no amulet)
HPRegen  0.13/turn              b - +2 ring of intelligence
MPRegen  0.17/turn              (no ring)

@: lethally poisoned (0 -> -1), very quick
A: very small, unfitting armour, see invisible, herbivore, speed 3, slow
metabolism 2
a: Curse Item, Scrying, Renounce Religion


You were on level 7 of the Dungeon.
You worshipped Ashenzari.
Ashenzari was aware of your devotion.
You were not hungry.

You visited 1 branch of the dungeon, and saw 7 of its levels.

You collected 307 gold pieces.

Inventory:

Hand Weapons
 a - a +1 dagger
 k - a +0 vampiric dagger (weapon)
Armour
 B - a +2 robe of cold resistance (worn)
Jewellery
 b - a +2 ring of intelligence (left hand)
Wands
 d - a wand of paralysis (23)
 q - a wand of random effects (59)
 u - a wand of disintegration (9)
 x - a wand of digging (25)
 y - a wand of clouds (8)
Scrolls
 c - 4 scrolls of enchant armour
 e - 5 scrolls of teleportation
 f - 6 scrolls of remove curse
 i - 2 scrolls of fear
 l - 3 scrolls of enchant weapon {unknown}
 m - a scroll of magic mapping {unknown}
 r - a scroll of blinking {unknown}
 w - a scroll of fog
 A - 3 scrolls of identify
Potions
 g - a potion of magic {unknown}
 j - a potion of haste
 n - a potion of curing {unknown}
 o - 2 potions of degeneration
 s - 2 potions of flight {unknown}
 t - 2 potions of might
 v - 2 potions of heal wounds
 z - a potion of invisibility {unknown}
Comestibles
 p - 2 rations


   Skills:
 * Level 8.8 Short Blades
 - Level 3.0 Dodging
 - Level 4.4 Stealth
 + Level 7.2 Spellcasting
 * Level 10.2 Hexes


You had 13 spell levels left.
You knew the following spells:

 Your Spells              Type           Power        Failure   Level  Hunger
a - Corona                Hex            #####..      1%          1    None
b - Ensorcelled Hibernat  Hex/Ice        ####..       1%          2    None
c - Confuse               Hex            #####...     1%          3    #......
d - Tukima's Dance        Hex            #####...     1%          3    #......

Your spell library contained the following spells:

 Spells                   Type           Power        Failure   Level  Hunger
 Confusing Touch          Hex            #####.       1%          1    None
 Dazzling Spray           Conj/Hex       ####..       3%          3    #......
 Gell's Gravitas          Tloc           #.........   30%         3    #......
 Metabolic Englaciation   Hex/Ice        ####......   32%         5    #####..
 Yara's Violent Unravell  Hex/Tmut       ####......   32%         5    #####..
 Petrify                  Tmut/Erth      #.......     69%         4    ###....


Dungeon Overview and Level Annotations

Branches:
Dungeon (7/15)             Temple (0/1) D:5

Altars:
Ashenzari
Elyvilon
Makhleb
Ru
Uskayaw

Shops:
D:7 ?

Annotations:
D:7 1 runed door


Innate Abilities, Weirdness & Mutations

You are very small and have problems with some larger weapons.
You are too small for most types of armour.
You have supernaturally acute eyesight. (SInv)
You are a herbivore.
You cover ground extremely quickly.
You need to consume almost no food.


Message History

The orc is poisoned.
The orc misses you.
You completely miss the orc. The orc barely misses you.
You hit the orc but do no damage.
Your dagger of venom hits the orc but does no damage.
The orc looks as sick as possible!
The orc barely misses you.
You barely miss the orc.
You feel sick. The orc closely misses you.
You hit the orc but do no damage.
The orc is lightly wounded.
Your dagger of venom hits the orc.
The orc looks as sick as possible!
The orc closely misses you. The orc completely misses you.
You closely miss the orc.
The orc is almost dead.
The orc dies!
The orc hits you but does no damage.
Your dagger of venom hits the orc.
The orc is poisoned.
The orc closely misses you.
Your dagger of venom completely misses the orc.
You feel sick.
The orc hits you from afar with a trident!
You die...

##.#...#####
######.######.......
##.##......#
#...........#<......
#.###.###.#
#.####.####.##.....# #.#
#.# #.# # #.†.....# ##...##
#.###.###.# #.#.##.##.#
##'##
#......##<###.#.#...#.#.#
#.
######..##.#......._.......
#.# .#
#..##...#.#.#...#.#.#.##.##
.# #.))).### #@##.##.#
#.....## .# ##.####
#[(oo...# #...... .# #.#
####.#### #...#. .######.#
.... ####.##. ........#
#.### #....... .########
...###.### ## #.# #.#
###### #.#


You could see 2 orcs and a friendly dagger of venom.

Vanquished Creatures
  Pikel (D:6)
  Sigmund (D:4)
  A spriggan (D:7)
  Menkaure (D:5)
  Duvessa (D:6)
  2 ice beasts
  2 sky beasts
  An ogre (D:5)
  3 centaurs
  A big kobold (D:7)
  Blork the orc (D:6)
  A bullfrog (D:7)
  Dowan (D:6)
  A scorpion (D:7)
  A bullfrog skeleton (D:6)
  2 orc priests (D:7)
  4 orc wizards
  An iguana (D:6)
  2 worker ants
  A gnoll (D:6)
  4 adders
  A shadow imp (D:5)
  An ooze (D:1)
  An adder zombie (D:5)
  2 adder skeletons
  2 worms
  4 dart slugs
  2 leopard geckos
  16 orcs
  8 bats
  2 giant cockroaches
  3 hobgoblins (D:1)
  9 jackals
  10 kobolds
  2 quokkas
  A ball python (D:4)
  2 frilled lizards
  4 goblins (D:2)
  A quokka skeleton (D:4)
  7 rats
111 creatures vanquished.

Vanquished Creatures (collateral kills)
  An ogre (D:5)
  4 wights (D:7)
  2 orcs
  A goblin (D:3)
  2 kobolds (D:7)
10 creatures vanquished.

Vanquished Creatures (others)
  6 dancing weapons
  A bullfrog skeleton (D:6)
  A gnoll shaman (D:6)
  3 gnolls (D:6)
11 creatures vanquished.

Grand Total: 132 creatures vanquished

Notes
Turn   | Place    | Note
-------+----------+-------------------------------------------
     0 | D:1      | Jynx the Spriggan Enchanter began the quest for the Orb.
     0 | D:1      | Reached XP level 1. HP: 9/9 MP: 5/5
   176 | D:1      | Found a shattered altar of Ashenzari.
   188 | D:1      | Became a worshipper of Ashenzari the Shackled
   857 | D:1      | Reached XP level 2. HP: 9/13 MP: 6/6
   863 | D:1      | Reached skill level 4 in Hexes
  1085 | D:1      | Learned a level 2 spell: Ensorcelled Hibernation
  1778 | D:2      | Reached XP level 3. HP: 16/16 MP: 5/8
  1960 | D:2      | Noticed a hand axe
  1960 | D:2      | Noticed a hand axe
  1961 | D:2      | Found a hide-covered altar of Uskayaw.
  2079 | D:2      | Found a burning altar of Makhleb.
  2362 | D:2      | Learned a level 3 spell: Confuse
  2817 | D:2      | Reached XP level 4. HP: 20/21 MP: 10/10
  3143 | D:3      | Learned a level 3 spell: Tukima's Dance
  4025 | D:4      | Noticed Sigmund
  4038 | D:4      | Killed Sigmund
  4038 | D:4      | Reached skill level 5 in Hexes
  4038 | D:4      | Reached XP level 5. HP: 20/24 MP: 7/12
  4613 | D:4      | Reached XP level 6. HP: 21/28 MP: 2/13
  4902 | D:5      | Entered Level 5 of the Dungeon
  4978 | D:5      | Reached * piety under Ashenzari
  4988 | D:5      | Reached skill level 6 in Hexes
  5435 | D:5      | Found a staircase to the Ecumenical Temple.
  5720 | D:5      | Noticed Grinder
  5721 | D:5      | Noticed a sky beast
  5739 | D:5      | Reached skill level 5 in Short Blades
  6046 | D:5      | Killed a sky beast
  6046 | D:5      | Reached XP level 7. HP: 23/32 MP: 7/15
  6136 | D:5      | Noticed Menkaure
  6145 | D:5      | Killed Menkaure
  6145 | D:5      | Reached skill level 5 in Spellcasting
  6145 | D:5      | Reached skill level 7 in Hexes
  6459 | D:6      | Noticed Duvessa
  6459 | D:6      | Noticed Dowan
  6900 | D:6      | Noticed Blork the orc
  7351 | D:6      | Found a white marble altar of Elyvilon.
  7373 | D:6      | Killed Duvessa
  7373 | D:6      | Reached skill level 8 in Hexes
  7373 | D:6      | Reached XP level 8. HP: 11/36 MP: 8/17
  7377 | D:6      | Killed Dowan
  7447 | D:6      | Killed Blork the orc
  7725 | D:6      | Noticed Pikel
  7755 | D:6      | Killed Pikel
  7755 | D:6      | Reached skill level 9 in Hexes
  8309 | D:7      | Found Qodox's Magic Scroll Shoppe.
  8617 | D:7      | Reached XP level 9. HP: 29/39 MP: 15/20
  9015 | D:7      | Found a runed door.
  9234 | D:7      | Reached skill level 10 in Hexes
  9311 | D:7      | Found a sacrificial altar of Ru.
  9348 | D:7      | Slain by an orc

Skill      XL: |  1  2  3  4  5  6  7  8  9 |
---------------+----------------------------+-----
Hexes          | 4 5 6 8 9 10 | 10.2
Spellcasting   | 3 4 5 6 7 |  7.2
Short Blades   | 2 4 5 6 8 |  8.8
Dodging        | |  3.0
Stealth        | |  4.4

Action                   |  1- 3 |  4- 6 |  7- 9 || total
-------------------------+-------+-------+-------++-------
Melee: Dagger            |   193 |   249 |   214 ||   656
 Cast: Corona            |    12 |       |       ||    12
       Ensorcelled Hiber |     8 |    20 |    23 ||    51
       Tukima's Dance    |       |     7 |    11 ||    18
       Confuse           |       |     5 |    13 ||    18
  Use: Scroll            |     6 |     1 |     4 ||    11
       Potion            |     2 |       |       ||     2
 Stab: Sleeping          |    10 |    13 |    20 ||    43
       Distracted        |       |     2 |     1 ||     3
       Confused          |       |     2 |     9 ||    11
  Eat: Ration            |       |     3 |     5 ||     8
Armor: Robe              |    16 |    14 |    15 ||    45
Dodge: Dodged            |   163 |   145 |   111 ||   419
